 Dungeon Crawl Stone Soup version 0.30.0-10-gfe55d96785 (webtiles) character file.

Game seed: 17487824326648200870

1105 monsoonserge the Chopper (level 8, -6/68 HPs)
             Began as a Meteoran Fighter on May 15, 2023.
             Was a Follower of Wu Jian.
             Mangled by a gnoll sergeant
             ... wielding a +4 spear of flaming
              (10 damage)
             ... on level 6 of the Dungeon.
             The game lasted 00:13:20 (1858 turns).

monsoonserge the Chopper (Meteoran Fighter)         Turns: 1858, Time: 00:13:21

Health: -6/68      AC:  7    Str: 24    XL:     8   Next: 89%
Magic:  0/9        EV: 11    Int: 10    God:    Wu Jian [*.....]
Gold:   228        SH:  5    Dex: 14    Spells: 7/7 levels left

rFire   . . .        o - +6 hand axe of Diet Blood {flame, Str+5}
rCold   . . .        c - +0 buckler
rNeg    . . .        b - +0 scale mail
rPois   .            (no helmet)
rElec   .            (no cloak)
rCorr   .            (no gloves)
SInv    .            (no boots)
Will    ++...        i - amulet of guardian spirit Stlth
                     q - ring of flight
HPRegen 0.31/turn    a - ring of willpower
MPRegen 0.11/turn

%: guardian spirit
@: flying, hasted, glowing, very quick
A: sense surroundings 1, otherworldly, glowing, explore regen
a: Renounce Religion


You were on level 6 of the Dungeon.
You worshipped Wu Jian.
Wu Jian was aware of your devotion.
You visited 2 branches of the dungeon, and saw 7 of its levels.

You collected 228 gold pieces.

Inventory:

Hand Weapons
 o - the +6 hand axe of Diet Blood (weapon) {flame, Str+5}
   (You found it on level 2 of the Dungeon)

   Str:       It affects your strength (+5).
 z - a +2 heavy flail
Missiles
 r - a throwing net (quivered)
Armour
 b - a +0 scale mail (worn)
 c - a +0 buckler (worn)
Jewellery
 a - a ring of willpower (right hand)
 i - an amulet of guardian spirit (around neck)
 q - a ring of flight (left hand)
Scrolls
 j - a scroll of fear {unknown}
 m - a scroll of fog {unknown}
 s - a scroll of teleportation {unknown}
 v - a scroll of silence {unknown}
 w - a scroll of amnesia {unknown}
 y - a scroll of immolation {unknown}
 A - a scroll of poison
Potions
 d - 3 potions of might
 f - a potion of heal wounds {unknown}
 h - 3 potions of haste
 k - a potion of invisibility {unknown}
 l - a potion of mutation {unknown}
 n - a potion of attraction {unknown}
 u - 3 potions of curing
 x - a potion of cancellation {unknown}


   Skills:
 + Level 5.3 Fighting
 + Level 7.0(7.2) Axes
 + Level 3.1(5.8) Maces & Flails
 + Level 6.6 Armour
 + Level 2.9 Dodging
 + Level 0.2 Stealth
 + Level 5.1 Shields


You had 7 spell levels left.
You didn't know any spells.
Your spell library contained the following spells:

 Spells                   Type           Power      Damage    Failure   Level
 Sublimation of Blood     Necr           0%         N/A       83%         2
 Wereblood                Tmut           0%         N/A       83%         2
 Stone Arrow              Conj/Erth      0%         3d7       97%         3
 Animate Armour           Summ/Erth      0%         N/A       100%        4
 Summon Hydra             Summ           0%         N/A       100%        7
 Lehudib's Crystal Spear  Conj/Erth      0%         10d2      100%        8


Dungeon Overview and Level Annotations

Branches:
Dungeon (6/15) Zot: 1717   Temple (1/1) D:5 Zot: 589

Altars:
Kikubaaqudgha
Nemelex Xobeh
Qazlal
Ru
Sif Muna
Wu Jian
Zin

Shops:
D:3 =


Innate Abilities, Weirdness & Mutations

You passively map a small area around you.
You are easily found by Zot.
You glow in the dark.
You regain HP and MP as you explore.


Message History

The orc wizard flickers and vanishes!
Deactivating autopickup; reactivate with Ctrl-A.
Found 9 gold pieces.
A wight comes into view. It is wielding a +2 falchion.
You hit the wight. You burn the wight.
The wight is moderately damaged.
The gnoll sergeant hits you from afar with a +4 spear of flaming.
The gnoll sergeant burns you. You block the wight's attack.
You lunge at the gnoll sergeant.
You hit the gnoll sergeant. You burn the gnoll sergeant.
The gnoll sergeant is moderately wounded.
You closely miss the wight. You hit the gnoll. You burn the gnoll.
You spin and attack the wight.
You hit the wight. You burn the wight.
The wight is severely damaged.
The gnoll sergeant hits you with a +4 spear of flaming!
The gnoll sergeant burns you. The wight closely misses you.
A wight comes into view. It is wielding a +0 short sword.
You spin and attack the gnoll.
You hit the gnoll. You burn the gnoll.
You kill the gnoll!
The Council accepts your kill.
You spin and attack the wight.
You hit the wight. You burn the wight.
You destroy the wight!
The Council accepts your kill.
The gnoll sergeant hits you from afar with a +4 spear of flaming!
* * * LOW HITPOINT WARNING * * *
The gnoll sergeant burns you.
* * * LOW HITPOINT WARNING * * *
Your Axes skill increases to level 7!
You spin and attack the gnoll.
You barely miss the gnoll.
The gnoll sergeant hits you with a +4 spear of flaming!
* * * LOW HITPOINT WARNING * * *
The gnoll sergeant burns you.
* * * LOW HITPOINT WARNING * * *
The gnoll barely misses you. The gnoll hits you with a +0 flail.
* * * LOW HITPOINT WARNING * * *
Things that are here:
a +0 spear; a gnoll corpse You feel yourself speed up.
The gnoll sergeant hits you with a +4 spear of flaming!
You die...

#..(..#..#_')...# #......
#....<...#.#..8.# #......
*#$###.......###....#
#......
#............#..8.##
#...... ,
#####.............# #.##...
#.#########.#######.##...
#.#,....###.#.......##... *
#.#$###.....#.########### >
,,
........@g.g...##########
........gg..g............
,........).#.........######
########.#.###...#.# #.#.#
###.#)# *** #.#.#***#.#)# ,
, ,, .z... , #.#g{ , ....#
#.#g.# , , , ....#
,#.....,, ,


You could see a gnoll sergeant, a wight and 4 gnolls.

Vanquished Creatures
  Edmund (D:4)
  Duvessa (D:4)
  An orc warrior (D:6)
  An ice beast (D:6)
  A centaur (D:5)
  2 scorpions
  A wight (D:6)
  Dowan (D:4)
  A howler monkey (D:4)
  A jelly (D:4)
  2 iguanas (D:5)
  2 orc wizards (D:3)
  8 adders
  9 gnolls
  A worm (D:3)
  A dart slug (D:4)
  9 orcs
  2 bats (D:3)
  5 endoplasms
  3 giant cockroaches
  7 goblins
  9 hobgoblins
  4 ball pythons
  3 frilled lizards
  2 rats
78 creatures vanquished.

Notes
Turn   | Place    | Note
-------+----------+-------------------------------------------
     0 | D:1      | monsoonserge the Meteoran Fighter began the quest for the
                  | Orb.
     0 | D:1      | Reached XP level 1. HP: 19/19 MP: 2/2
    98 | D:1      | Reached XP level 2. HP: 26/26 MP: 3/3
   319 | D:2      | Reached XP level 3. HP: 6/31 MP: 1/4
   420 | D:2      | Identified the +6 hand axe of Diet Blood {flame, Str+5}
   568 | D:3      | Found Tunod's Jewellery Emporium.
   665 | D:3      | Found an ornate altar of the Wu Jian Council.
   676 | D:3      | Became a worshipper of the Wu Jian Council
   735 | D:4      | Reached XP level 4. HP: 40/40 MP: 5/5
   855 | D:3      | Found a sacrificial altar of Ru.
  1005 | D:3      | Reached * piety under Wu Jian
  1006 | D:3      | Reached skill level 1 in Axes
  1006 | D:3      | Reached XP level 5. HP: 46/46 MP: 6/6
  1200 | D:5      | Entered Level 5 of the Dungeon
  1218 | D:4      | Reached skill level 2 in Axes
  1218 | D:4      | Reached skill level 5 in Armour
  1218 | D:4      | Reached skill level 1 in Dodging
  1218 | D:4      | Reached XP level 6. HP: 51/52 MP: 5/7
  1235 | D:4      | Found a sparkling altar of Nemelex Xobeh.
  1359 | D:4      | Found an ancient bone altar of Kikubaaqudgha.
  1419 | D:4      | Noticed Duvessa
  1428 | D:4      | Reached skill level 3 in Axes
  1473 | D:4      | Noticed Dowan
  1479 | D:4      | Killed Dowan
  1480 | D:4      | Reached XP level 7. HP: 56/60 MP: 5/8
  1485 | D:4      | Killed Duvessa
  1486 | D:4      | Reached skill level 4 in Axes
  1556 | D:4      | Noticed Edmund
  1570 | D:4      | Killed Edmund
  1652 | D:5      | Reached skill level 5 in Axes
  1652 | D:5      | Reached XP level 8. HP: 26/67 MP: 3/9
  1679 | D:5      | Found a staircase to the Ecumenical Temple.
  1732 | Temple   | Entered the Ecumenical Temple
  1747 | D:5      | Reached skill level 5 in Fighting
  1747 | D:5      | Reached skill level 6 in Axes
  1747 | D:5      | Reached skill level 5 in Shields
  1775 | D:6      | Found a glowing silver altar of Zin.
  1857 | D:6      | Reached skill level 7 in Axes
  1858 | D:6      | Mangled by a gnoll sergeant

Illustrated notes

Levels and vault maps discovered:
D:1:      arrival_zaba_pyramid, layout_basic, hex_intersection
D:2:      minmay_door_path, layout_rooms
D:3:      layout_basic, mainiacjoe_overflow_alcove_4,
          nicolae_overflow_crystal_walls, serial_shops,
          nicolae_shop_gaudy_bauble
D:4:      layout_loops_corners, lemuel_round_altar, amcnicky_altar_gilded,
          uniq_edmund, uniq_duvessa
D:5:      layout_rooms, minmay_temple_entry_trees
D:6:      cheibrodos_thug_alley, layout_basic, zin_statuary, uniq_blork_the_orc
Temple:   nicolae_temple_bog_church

Skill      XL: |  1  2  3  4  5  6  7  8 |
---------------+-------------------------+-----
Shields        | 4 5 |  5.1
Maces & Flails | 3 |  3.1
Armour         | 4 5 6 |  6.6
Axes           | 1 2 3 5 7 |  7.0
Fighting       | 4 5 |  5.3
Dodging        | 1 2 |  2.9
Stealth        | |  0.2

Action                     |  1- 3 |  4- 6 |  7- 9 || total
---------------------------+-------+-------+-------++-------
  Melee: Flail             |    47 |       |       ||    47
         Hand axe          |    13 |    78 |    75 ||   166
Ability: Lunge             |       |    14 |    10 ||    24
         Whirlwind         |       |       |     5 ||     5
    Use: Potion            |       |     1 |     1 ||     2
         Scroll            |       |       |     5 ||     5
 Armour: Scale mail        |    42 |    29 |    18 ||    89
  Dodge: Dodged            |    22 |    22 |    26 ||    70
  Block: Buckler           |    16 |    17 |    17 ||    50
